 Dungeon Crawl Stone Soup version 0.29.0-15-g675c0067aa (webtiles) character file.

Game seed: 17960997978902810635

3 ILmort the Magician (level 1, 0/15 HPs)
             Began as a Djinni Fire Elementalist on Sept 11, 2022.
             Slain by a hobgoblin (2 damage)
             ... on level 1 of the Dungeon.
             The game lasted 00:00:54 (166 turns).

ILmort the Magician (Djinni Fire Elementalist)       Turns: 166, Time: 00:00:54

Health: 0/15       AC:  2    Str:  7    XL:     1   Next: 55%
Gold:   0          EV: 12    Int: 16    God:
                   SH:  0    Dex: 13

rFire   + + .      SeeInvis .   (no weapon)
rCold   x . .      Faith    .   (no shield)
rNeg    . . .      Spirit   .   a - +0 robe
rPois   ∞          Reflect  .   (no helmet)
rElec   .          Harm     .   (no cloak)
rCorr   .          Rampage  .   (no gloves)
Will    .....                   (boots unavailable)
Stlth   ++........              (no amulet)
HPRegen 0.05/turn               (no ring)
MPRegen 0.00/turn               (no ring)

@: flying
A: sickness immunity, fire resistance 2, cold vulnerability 1, float, innate
caster, HP casting, extra vitality 1
a: no special abilities


You were on level 1 of the Dungeon.
You visited 1 branch of the dungeon, and saw 1 of its levels.

Inventory:

Armour
 a - a +0 robe (worn)


   Skills:
 - Level 2.1 Dodging
 - Level 1.5 Stealth
 + Level 2.6 Spellcasting


You couldn't memorise any spells.
You knew the following spells:

 Your Spells              Type           Power      Damage    Failure   Level
a - Foxfire               Conj/Fire      40%        2x1d6     7%          1
b - Scorch                Fire           20%        2d6       10%         2
c - Conjure Flame         Conj/Fire      10%        6-21      21%         3
d - Inner Flame           Hex/Fire       10%        N/A       21%         3
e - Flame Wave            Conj/Fire      10%        2d6       54%         4
Your spell library was empty.

Dungeon Overview and Level Annotations

Branches:
Dungeon (1/15)

Altars:


Innate Abilities, Weirdness & Mutations

You are immune to sickness and miasma.
You are immune to poison.
Your flesh is very heat resistant. (rF++)
You are vulnerable to cold. (rC-)
You float through the air rather than walking.
You learn spells naturally, not from books.
Your magical power is your life essence.
You have superior vitality. (+4 MHP)


Message History

The foxfire hits the rat.
The rat attacks as you move away! The rat barely misses you.
A hobgoblin comes into view.
Found a spear.
The rat attacks as you move away! The rat completely misses you.
A hobgoblin comes into view.
Found a leather armour.
Casting: Foxfire (safe; 7% risk of failure)
You conjure some foxfire!
The hobgoblin shouts! x2
The foxfire hits the hobgoblin.
The rat closely misses you.
Casting: Foxfire (safe; 7% risk of failure)
You conjure some foxfire!
The foxfire hits the hobgoblin but does no damage.
A ball python comes into view.
The rat bites you but does no damage. The rat bites you.
The rat attacks as you move away! The rat misses you.
You see here a +0 spear.
The hobgoblin attacks as you move away! The hobgoblin barely misses you.
Casting: Foxfire (safe; 7% risk of failure)
You conjure some foxfire!
The hobgoblin barely misses you.
Casting: Foxfire (safe; 7% risk of failure)
There is not enough space to conjure foxfire!
You barely miss the hobgoblin. The hobgoblin closely misses you.
You hit the hobgoblin but do no damage. The hobgoblin closely misses you.
You closely miss the hobgoblin.
The hobgoblin hits you but does no damage.
You hit the hobgoblin but do no damage. The hobgoblin hits you.
* * * LOW HITPOINT WARNING * * *
You closely miss the hobgoblin. The hobgoblin hits you.
* * * LOW HITPOINT WARNING * * *
You closely miss the hobgoblin. The hobgoblin barely misses you.
You barely miss the hobgoblin. The hobgoblin barely misses you.
You hit the hobgoblin but do no damage. The hobgoblin misses you.
Casting: Foxfire (safe; 7% risk of failure)
You conjure some foxfire!
* * * LOW HITPOINT WARNING * * *
The hobgoblin hits you.
You die...

#..#.# ##.#.# #..
#...# .. ###.## #)#
#..# †. ###..## .#
#.###.####.# # #v#
#...#..# #.## #@#
###...# ..... #g#
##.#####..
......#r######.......#
......SSS.S...:..#####
[......####†####.#
....... #...# .#
.S..... #.....# .#
####.#.#..).[..# #
#.#.....#.S...


You could see a hobgoblin (ally target), 3 ball pythons and a rat.

Vanquished Creatures
  A goblin (D:1)
  A hobgoblin (D:1)
  A frilled lizard (D:1)
3 creatures vanquished.

Vanquished Creatures (others)
  12 foxfires (D:1)
12 creatures vanquished.

Grand Total: 15 creatures vanquished

Notes
Turn   | Place    | Note
-------+----------+-------------------------------------------
     0 | D:1      | ILmort the Djinni Fire Elementalist began the quest for the
                  | Orb.
     0 | D:1      | ILmort set off with the following spells memorised:
                  | Foxfire, Scorch, Conjure Flame, Inner Flame, Flame Wave.
     0 | D:1      | Reached XP level 1. HP: 15/15 MP: 0/0
   166 | D:1      | Slain by a hobgoblin

Illustrated notes

Levels and vault maps discovered:
D:1:      lemuel_arrival_tunnels, layout_rooms, minmay_nonomino_d4

Action                   || total
-------------------------++-------
Melee: Unarmed           ||     8
 Cast: Foxfire           ||    12
Armor: Robe              ||     2
Dodge: Dodged            ||    12
